 Dungeon Crawl Stone Soup version 0.30-a0-651-g0755cc6dcf (webtiles) character file.

Game seed: 6768989034958027347

473 Citaku the Covered (level 6, 0/56 HPs)
             Began as a Minotaur Fighter on Jan 17, 2023.
             Succumbed to a scorpion's poison
             ... on level 4 of the Dungeon.
             The game lasted 00:03:47 (2597 turns).

Citaku the Covered (Minotaur Fighter)               Turns: 2597, Time: 00:03:48

Health: 0/56       AC: 14    Str: 21 (23) XL:     6   Next: 84%
Magic:  5/5        EV:  6    Int:  4 (5)  God:
Gold:   210        SH:  4    Dex:  8 (9)  Spells: 5/5 levels left

rFire   . . .      SeeInvis .    a - +0 war axe
rCold   . . .      Faith    .    c - +0 buckler
rNeg    . . .      Spirit   .    n - +0 plate armour
rPois   +          Reflect  .    (helmet restricted)
rElec   .          Harm     .    r - +2 cloak {rPois}
rCorr   .          Rampage  .    l - +0 pair of gloves
Will    .....                    q - +0 pair of boots Stlth
                                 (no amulet)
HPRegen 0.29/turn                (no ring)
MPRegen 0.09/turn                (no ring)

@: lethally poisoned (0 -> -1), corroded
A: horns 2, retaliatory headbutt
a: no special abilities


You were on level 4 of the Dungeon.
You visited 1 branch of the dungeon, and saw 4 of its levels.

You collected 254 gold pieces.
You spent 44 gold pieces at shops.

Inventory:

Hand Weapons
 a - a +0 war axe (weapon)
Armour
 c - a +0 buckler (worn)
 l - a +0 pair of gloves (worn)
 n - a +0 plate armour (worn)
 q - a +0 pair of boots (worn)
 r - a +2 cloak of poison resistance (worn)
Wands
 k - a wand of digging (7)
Scrolls
 b - a scroll of vulnerability {unknown}
 e - 2 scrolls of fog
 f - 2 scrolls of teleportation {unknown}
 h - 2 scrolls of enchant weapon {unknown}
 j - 5 scrolls of identify
 m - a scroll of amnesia {unknown}
 o - a scroll of fear {unknown}
 p - 2 scrolls of immolation {unknown}
Potions
 g - 2 potions of brilliance


   Skills:
 + Level 5.0 Fighting
 * Level 5.5 Axes
 * Level 6.1 Armour
 + Level 5.0 Shields


You had 5 spell levels left.
You didn't know any spells.
Your spell library contained the following spells:

 Spells                   Type           Power      Damage    Failure   Level
 Dazzling Flash           Conj/Hex       0%         N/A       100%        3
 Ignite Poison            Fire/Tmut/Pois 0%         N/A       100%        3
 Kindle Blastsparks       Fire/Tloc/Air  0%         2d10      100%        3
 Agony                    Necr           0%         N/A       100%        5
 Freezing Cloud           Conj/Ice/Air   0%         6-21      100%        5
 Silence                  Hex/Air        0%         N/A       100%        5


Dungeon Overview and Level Annotations

Branches:
Dungeon (4/15)
 Temple: D:4-7

Altars:
Elyvilon
Yredelemnul

Shops:
D:2 *


Innate Abilities, Weirdness & Mutations

You have a pair of horns on your head.
You reflexively headbutt those who attack you in melee.


Message History

The scorpion barely misses you. You furiously retaliate!
You headbutt the scorpion, but do no damage.
The scorpion stings you.
* * * LOW HITPOINT WARNING * * *
You are lethally poisoned!
The scorpion poisons you!
Your Armour skill increases to level 6!
You barely miss the scorpion. You headbutt the scorpion.
The scorpion is almost dead.
* * * LOW HITPOINT WARNING * * *
You feel very sick. You block the scorpion's attack.
You hit the scorpion but do no damage.
The scorpion is almost dead.
* * * LOW HITPOINT WARNING * * *
You feel very sick.
The scorpion stings you but does no damage.
You block the scorpion's attack.
You closely miss the scorpion. Your headbutt misses the scorpion.
The scorpion is almost dead.
* * * LOW HITPOINT WARNING * * *
You feel sick.
The scorpion stings you but does no damage.
You barely miss the scorpion. You headbutt the scorpion.
You kill the scorpion!
* * * LOW HITPOINT WARNING * * *
You feel sick.
Your Fighting skill increases to level 5!
Your Shields skill increases to level 5!
It was a potion of degeneration.
There was something very wrong with that liquid.
You feel weakened.
You feel dopey.
You feel clumsy.
* * * LOW HITPOINT WARNING * * *
You feel sick.
It was a potion of magic.
Magic courses through your body.
* * * LOW HITPOINT WARNING * * *
You feel sick.
* * * LOW HITPOINT WARNING * * *
You feel sick.
You die...

. .# ......
.#.#.# .....#
#.....#
##.......
##........
#.@.......
##<†......
..)...........#
#########.#.###
.# # .. .. #.#
.#


There were no monsters in sight!

Vanquished Creatures
  Sigmund (D:2)
  An ice beast (D:3)
  A scorpion (D:4)
  A jelly (D:4)
  Crazy Yiuf (D:3)
  Robin (D:2)
  2 adders (D:2)
  A shadow imp (D:3)
  2 orcs (D:3)
  7 endoplasms
  3 giant cockroaches
  5 hobgoblins
  2 jackals (D:4)
  4 kobolds
  3 quokkas
  8 ball pythons
  7 bats
  2 frilled lizards
  8 goblins
  7 rats
67 creatures vanquished.

Notes
Turn   | Place    | Note
-------+----------+-------------------------------------------
     0 | D:1      | Citaku the Minotaur Fighter began the quest for the Orb.
     0 | D:1      | Reached XP level 1. HP: 19/19 MP: 0/0
   275 | D:1      | Found a faded altar of an unknown god.
   898 | D:2      | Noticed Robin
   898 | D:2      | Found Wacs's General Store.
   903 | D:2      | Reached XP level 2. HP: 20/27 MP: 1/1
   905 | D:2      | Reached skill level 4 in Armour
   912 | D:2      | Killed Robin
   997 | D:2      | Bought a scroll of identify for 22 gold pieces
   997 | D:2      | Bought a scroll of identify for 22 gold pieces
  1005 | D:2      | Reached XP level 3. HP: 33/33 MP: 2/2
  1335 | D:2      | Noticed Sigmund
  1347 | D:2      | Killed Sigmund
  1348 | D:2      | Reached skill level 5 in Armour
  1348 | D:2      | Reached XP level 4. HP: 32/41 MP: 3/3
  1348 | D:2      | Reached XP level 5. HP: 37/47 MP: 4/4
  1712 | D:3      | Found a white marble altar of Elyvilon.
  1781 | D:3      | Found a basalt altar of Yredelemnul.
  1988 | D:3      | Noticed an ice beast
  2002 | D:3      | Killed an ice beast
  2003 | D:3      | Reached skill level 5 in Axes
  2003 | D:3      | Reached XP level 6. HP: 36/55 MP: 5/5
  2466 | D:3      | Found a runed translucent door.
  2467 | D:3      | Noticed Crazy Yiuf
  2473 | D:3      | Killed Crazy Yiuf
  2590 | D:4      | Reached skill level 6 in Armour
  2594 | D:4      | Reached skill level 5 in Fighting
  2594 | D:4      | Reached skill level 5 in Shields
  2594 | D:4      | HP: 2/56 [poisoned by a scorpion]
  2597 | D:4      | Succumbed to a scorpion's poison

Illustrated notes

Levels and vault maps discovered:
D:1:      dpeg_arrival_lava_temple_mockup, layout_basic,
          nicolae_ecumenical_lake_church
D:2:      layout_rooms, serial_shops, shop, minmay_statues_item, uniq_sigmund,
          uniq_robin
D:3:      minmay_inner_zag, layout_loops_ring, kennysheep_ying_yang,
          uniq_crazy_yiuf_cottage
D:4:      layout_loops_ring, hex_large

Skill      XL: |  1  2  3  4  5  6 |
---------------+-------------------+-----
Armour         | 4 5 6 |  6.1
Axes           | 3 4 5 |  5.5
Fighting       | 4 5 |  5.0
Shields        | 4 5 |  5.0

Action                   |  1- 3 |  4- 6 || total
-------------------------+-------+-------++-------
Melee: War axe           |    63 |    95 ||   158
       Headbutt          |     4 |    15 ||    19
  Use: Scroll            |     2 |       ||     2
       Potion            |       |     3 ||     3
Armor: Scale mail        |    41 |    15 ||    56
       Plate armour      |       |    32 ||    32
Dodge: Dodged            |    34 |    31 ||    65
Block: Buckler           |    15 |    20 ||    35

Table legend: (Time is in decaauts)
 A = Elapsed time spent in this place.
 B = Non-inter-level travel time spent in this place.
 C = Inter-level travel time spent in this place.
 D = Time resting spent in this place.
 E = Time spent auto-exploring this place.
 F = Levels seen in this place.
 G = Mean time per level.
                   A        B        C        D        E       F      G
               +--------+--------+--------+--------+--------+-----+--------+
         Total |   2648 |   2607 |     41 |      0 |   2159 |   4 |  662.0 |
       Dungeon |   2648 |   2607 |     41 |      0 |   2159 |   4 |  662.0 |
               +--------+--------+--------+--------+--------+-----+--------+

Top non-repeatable levels by time:
     D:3: 983 daAuts
     D:1: 903 daAuts
     D:2: 739 daAuts
     D:4: 22 daAuts
